 Dungeon Crawl Stone Soup version 0.29-a0-243-g602b31c20e (webtiles) character file.

Game seed: 15512808575760560013

6097 Crownlay the Thaumaturge (level 10, -14/50 HPs)
             Began as a Gargoyle Earth Elementalist on Mar 4, 2022.
             Killed by a reflected stone arrow
             ... reflected by an orc warrior
             ... in a bailey.
             The game lasted 00:22:13 (11191 turns).

Crownlay the Thaumaturge (GrEE)                    Turns: 11191, Time: 00:22:13

Health: -14/50     AC: 12    Str: 12    XL:     10   Next: 88%
Magic:  7/35       EV: 12    Int: 23    God:
Gold:   347        SH:  0    Dex: 10    Spells: 27/33 levels left

rFire   . . .      SeeInvis .   u - +6 trident of Bodily Harmony {drain, Int+3}
rCold   . . .      Faith    .   (no shield)
rNeg    + . .      Spirit   .   b - +0 robe
rPois   ∞          Reflect  .   h - +0 helmet
rElec   +          Harm     .   E - +0 cloak
rCorr   .          Rampage  .   (no gloves)
Will    .....                   i - +0 pair of boots
Stlth   ++........              (no amulet)
HPRegen 0.16/turn               A - ring of magical power
MPRegen 0.24/turn               (no ring)

@: no status effects
A: sickness immunity, AC +7, negative energy resistance 1, electricity
resistance, torment resistance 1, petrification resistance
a: no special abilities


You were in a bailey.
You visited 1 branch of the dungeon, and saw 9 of its levels.
You also visited: Sewer, Ossuary and Bailey.

You collected 593 gold pieces.
You spent 246 gold pieces at shops.

Inventory:

Hand Weapons
 u - the +6 trident of Bodily Harmony (weapon) {drain, Int+3}
   (You found it on level 5 of the Dungeon)

   A truly terrible weapon, it drains the life of any living foe it strikes.
   Int:       It affects your intelligence (+3).
Missiles
 a - 83 stones
 y - 2 throwing nets
Armour
 b - a +0 robe (worn)
 h - a +0 helmet (worn)
 i - a +0 pair of boots (worn)
 D - a +1 helmet
 E - a +0 cloak (worn)
Magical Staves
 e - a staff of earth
Jewellery
 A - a ring of magical power (left hand)
Wands
 o - a wand of paralysis (15)
 C - a wand of iceblast (2)
Scrolls
 g - 3 scrolls of blinking
 j - a scroll of fog
 k - a scroll of enchant armour
 l - 3 scrolls of fear
 m - a scroll of silence
 n - 3 scrolls of teleportation
 s - 2 scrolls of immolation
 w - 3 scrolls of enchant weapon
 B - a scroll of identify
Potions
 c - 2 potions of might
 d - 2 potions of heal wounds
 p - 2 potions of mutation
 q - 2 potions of lignification
 r - a potion of berserk rage
 t - 7 potions of curing
 v - a potion of flight
 x - 2 potions of haste
 z - a potion of magic


   Skills:
 - Level 1.8 Dodging
 - Level 2.6 Stealth
 * Level 12.0 Spellcasting
 - Level 1.1 Transmutations
 + Level 11.6 Earth Magic


You had 27 spell levels left.
You knew the following spells:

 Your Spells              Type           Power      Damage    Failure   Level
a - Sandblast             Erth           100%       2d20      1%          1
b - Passwall              Tmut/Erth      35%        N/A       1%          2
c - Stone Arrow           Conj/Erth      80%        3d12      1%          3

Your spell library contained the following spells:

 Spells                   Type           Power      Damage    Failure   Level
 Petrify                  Tmut/Erth      43%        N/A       3%          4
 Animate Armour           Summ/Erth      80%        N/A       4%          4
 Corpse Rot               Necr/Air       26%        N/A       7%          2
 Dispel Undead            Necr           13%        3d9       41%         4
 Death Channel            Necr           6%         N/A       100%        6
 Lehudib's Crystal Spear  Conj/Erth      20%        10d6      100%        8


Dungeon Overview and Level Annotations

Branches:
Dungeon (9/15)             Temple (0/1) D:7           Sewer (visited)
Ossuary (visited)          Bailey (1/1)
   Lair: D:8-11         Orc: D:9-12

Altars:
Trog

Shops:
D:4 ?   D:6 =   D:7 [


Innate Abilities, Weirdness & Mutations

You are immune to sickness and miasma.
Your stone body is resilient. (AC +7)
You are immune to poison.
You resist negative energy. (rN+)
You are resistant to electric shocks. (rElec)
You are resistant to unholy torment.
You are immune to petrification.


Message History

Casting: Stone Arrow (safe; 1% risk of failure)
Confirm with . or Enter, or press ? or * to list all spells.
Aiming: Stone Arrow (safe; 1% risk of failure)
Press: ? - help, Shift-Dir - straight line, f/p - orc warrior
Aim: an orc warrior, wielding a +0 trident, wearing a +2 plate armour of fire resistance and wearing an amulet of reflection (heavily wounded, 76% to hit)
The stone arrow reflects off an invisible shield around the orc warrior!
The stone arrow hits you!
* * * LOW HITPOINT WARNING * * *
The orc warrior barely misses you.
Casting: Stone Arrow (safe; 1% risk of failure)
Confirm with . or Enter, or press ? or * to list all spells.
Aiming: Stone Arrow (safe; 1% risk of failure)
Press: ? - help, Shift-Dir - straight line, f/p - orc warrior
Aim: an orc warrior, wielding a +0 trident, wearing a +2 plate armour of fire resistance and wearing an amulet of reflection (heavily wounded, 76% to hit)
The stone arrow misses the orc warrior.
The orc warrior misses you.
Casting: Stone Arrow (safe; 1% risk of failure)
Confirm with . or Enter, or press ? or * to list all spells.
Aiming: Stone Arrow (safe; 1% risk of failure)
Press: ? - help, Shift-Dir - straight line, f/p - orc warrior
Aim: an orc warrior, wielding a +0 trident, wearing a +2 plate armour of fire resistance and wearing an amulet of reflection (heavily wounded, 76% to hit)
The stone arrow reflects off an invisible shield around the orc warrior!
The stone arrow misses you.
The orc warrior hits you but does no damage.
Casting: Stone Arrow (safe; 1% risk of failure)
Confirm with . or Enter, or press ? or * to list all spells.
Aiming: Stone Arrow (safe; 1% risk of failure)
Press: ? - help, Shift-Dir - straight line, f/p - orc warrior
Aim: an orc warrior, wielding a +0 trident, wearing a +2 plate armour of fire resistance and wearing an amulet of reflection (heavily wounded, 76% to hit)
The stone arrow hits the orc warrior!
The orc warrior is almost dead.
The orc warrior hits you from afar with a +0 trident!
* * * LOW HITPOINT WARNING * * *
Casting: Stone Arrow (safe; 1% risk of failure)
Confirm with . or Enter, or press ? or * to list all spells.
Aiming: Stone Arrow (safe; 1% risk of failure)
Press: ? - help, Shift-Dir - straight line, f/p - orc warrior
Aim: an orc warrior, wielding a +0 trident, wearing a +2 plate armour of fire resistance and wearing an amulet of reflection (almost dead, 76% to hit)
The stone arrow reflects off an invisible shield around the orc warrior!
The stone arrow hits you!
You die...

##..≈≈.....≈≈..##
####..≈≈..###..≈≈..##########
.....≈≈..##.##..≈≈..........#
≈≈)≈≈)..##.∩.##..≈≈≈≈≈)≈≈≈≈.#
..).)..##.....##..........≈.#
#######'###'#############.≈.#
##....§....## ....##.≈.# #
##.)≈≈≈≈≈§≈..#o...##..≈.# ##
##..≈≈...§§≈≈@.# ##..≈≈.# .#
#......⌠∩⌠......# #..≈≈.##
.#+#..§§...⌠...≈≈..#+#..≈≈.∩#
##.##.§§≈.....≈≈..##.##..≈≈.#
#...'#§§≈≈≈.≈≈≈..## $.##..≈.#
.....##.........## $.##.≈.#
###########'#############.≈.#
).....)## ....##..........≈.#
≈≈≈≈≈≈..## .[##..≈≈)≈)≈≈≈≈≈.#


You could see an orc warrior.

Vanquished Creatures
  A two-headed ogre (D:9)
  2 orc knights (Bailey)
  A troll (D:6)
  Prince Ribbit (D:7)
  A shadow (D:9)
  2 wyverns (D:8)
  2 water moccasins
  2 orc warriors
  4 ice beasts
  A sky beast (D:6)
  3 ogres
  A centaur (D:7)
  2 kobold brigands
  A necrophage (D:4)
  3 bullfrogs
  2 scorpions
  15 wights
  5 killer bees (D:8)
  3 howler monkeys
  2 hounds
  A jelly (D:7)
  2 orc priests
  2 gnoll shamans
  2 iguanas (D:6)
  9 orc wizards
  8 mummies (Ossuary)
  19 gnolls
  4 adders
  A river rat (D:4)
  A shadow imp (D:5)
  A white imp (D:5)
  An ufetubus (D:4)
  2 worms
  3 dart slugs
  42 orcs
  2 giant cockroaches (D:4)
  A gnoll zombie (Ossuary)
  5 hobgoblins
  19 kobolds
  5 quokkas
  7 ball pythons
  12 bats
  5 frilled lizards
  10 goblins
  4 hobgoblin zombies (Ossuary)
  3 orc zombies (Ossuary)
  7 rats
232 creatures vanquished.

Vanquished Creatures (others)
  5 fungi (D:7)
5 creatures vanquished.

Grand Total: 237 creatures vanquished

Notes
Turn   | Place    | Note
-------+----------+-------------------------------------------
     0 | D:1      | Crownlay the Gargoyle Earth Elementalist began the quest
                  | for the Orb.
     0 | D:1      | Reached XP level 1. HP: 10/10 MP: 3/3
   176 | D:1      | Reached skill level 1 in Transmutations
   176 | D:1      | Reached XP level 2. HP: 15/15 MP: 5/5
   770 | D:1      | Reached XP level 3. HP: 13/19 MP: 6/6
   944 | D:1      | Found a faded altar of an unknown god.
  2316 | D:3      | Reached XP level 4. HP: 17/24 MP: 4/8
  2416 | D:3      | Reached skill level 3 in Spellcasting
  3096 | D:4      | Identified a scroll of acquirement
  3096 | D:4      | Acquired a staff of earth
  3103 | D:4      | Learned a level 2 spell: Passwall
  3106 | D:4      | Learned a level 2 spell: Corpse Rot
  3168 | D:4      | Found Poxerorgh's Magic Scroll Shop.
  3173 | D:4      | Bought a scroll of fear for 42 gold pieces
  3173 | D:4      | Bought a scroll of fog for 24 gold pieces
  3254 | D:4      | Noticed a necrophage
  3263 | D:4      | Killed a necrophage
  3264 | D:4      | Reached XP level 5. HP: 25/28 MP: 5/10
  3268 | D:4      | Reached skill level 4 in Spellcasting
  3268 | D:4      | Reached skill level 5 in Earth Magic
  3272 | D:4      | Learned a level 3 spell: Stone Arrow
  3307 | D:4      | Reached XP level 6. HP: 30/32 MP: 0/12
  3407 | D:4      | Reached skill level 5 in Spellcasting
  3431 | D:4      | Reached XP level 7. HP: 12/36 MP: 0/14
  3487 | D:4      | Found a glowing drain.
  3491 | Sewer    | Entered a sewer
  4060 | D:5      | Entered Level 5 of the Dungeon
  4099 | D:4      | Bought a scroll of identify for 24 gold pieces
  4099 | D:4      | Bought a scroll of identify for 24 gold pieces
  4099 | D:4      | Bought a scroll of fear for 42 gold pieces
  4197 | D:5      | Reached skill level 6 in Spellcasting
  4233 | D:5      | Identified the +6 trident of Bodily Harmony {drain, Int+3}
  4688 | D:5      | Reached XP level 8. HP: 41/41 MP: 10/18
  4906 | D:6      | Found Qyuhu's Jewellery Emporium.
  4990 | D:6      | Reached skill level 7 in Spellcasting
  5095 | D:6      | Noticed a troll
  5101 | D:6      | Killed a troll
  5118 | D:6      | Found a sand-covered staircase.
  5123 | Ossuary  | Entered an ossuary
  5716 | D:4      | Bought a scroll of enchant weapon for 90 gold pieces
  5822 | D:6      | Reached skill level 8 in Spellcasting
  6250 | D:6      | Found a bloodstained altar of Trog.
  6259 | D:6      | Reached XP level 9. HP: 45/45 MP: 11/21
  7125 | D:7      | Reached skill level 9 in Spellcasting
  7985 | D:7      | Found a staircase to the Ecumenical Temple.
  8197 | D:7      | Found Yttoh's Armour Shop.
  8228 | D:7      | Noticed Prince Ribbit
  8245 | D:7      | Reached skill level 10 in Spellcasting
  8258 | D:7      | Killed Prince Ribbit
  8266 | D:7      | Reached skill level 10 in Earth Magic
  8651 | D:8      | Reached XP level 10. HP: 50/50 MP: 24/24
  9460 | D:8      | Reached skill level 11 in Spellcasting
  9870 | D:9      | Noticed a two-headed ogre
  9878 | D:9      | Killed a two-headed ogre
  9902 | D:9      | Found a flagged portal.
 10115 | Bailey   | Entered a bailey
 10588 | Bailey   | Noticed an orc knight
 10596 | Bailey   | HP: 2/50 [orc knight/+0 glaive (23)]
 10597 | Bailey   | Killed an orc knight
 10671 | Bailey   | Noticed an orc knight
 10946 | Bailey   | Killed an orc knight
 10947 | Bailey   | Reached skill level 12 in Spellcasting
 11191 | Bailey   | Killed by a reflected stone arrow
                  | ... reflected by an orc warrior

Illustrated notes

Levels and vault maps discovered:
D:1:      mushboom_english_gardens, layout_basic,
          hellmonk_ecumenical_altar_prayer_group, minmay_tetromino_s4
D:2:      layout_basic, lightli_corner_chamber
D:3:      layout_loops_ring, minivault_27
D:4:      layout_cave_pools, gup_sewer_entry_spiral, serial_shops,
          nicolae_square_shop
D:5:      layout_loops_ring
D:6:      layout_layer_cave, trog_butcher_becter, enter_ossuary_5, serial_shops,
          shop, hangedman_decor_clover_reticule
D:7:      layout_basic, minmay_temple_entry_wispy, serial_shops, shop,
          dreamdust_gnoll_farm, uniq_prince_ribbit1
D:8:      layout_loops_ring, st_stairs_2, grunt_decor_clamped
D:9:      layout_loops_ring, enter_bailey_6, dreamdust_gnoll_shepherd
Bailey:   bailey_polearm_1, bailey

Skill      XL: |  1  2  3  4  5  6  7  8  9 10 |
---------------+-------------------------------+-----
Transmutations | 1 |  1.1
Earth Magic    | 4 5 6 8 10 11 | 11.6
Spellcasting   | 3 4 5 6 8 10 12 | 12.0
Dodging        | |  1.8
Stealth        | |  2.6

Action                   |  1- 3 |  4- 6 |  7- 9 | 10-12 || total
-------------------------+-------+-------+-------+-------++-------
Melee: Club              |   108 |    31 |       |       ||   139
       Unarmed           |     1 |       |       |       ||     1
       Staff             |       |     1 |    38 |       ||    39
       Trident           |       |       |       |    16 ||    16
 Cast: Sandblast         |    34 |    36 |    76 |    43 ||   189
       Corpse Rot        |       |     1 |       |       ||     1
       Stone Arrow       |       |       |    81 |    68 ||   149
Evoke: Wand              |       |       |       |     1 ||     1
  Use: Scroll            |       |     5 |    11 |     1 ||    17
 Stab: Sleeping          |     2 |     1 |       |     1 ||     4
Armor: Robe              |    68 |    19 |    27 |    23 ||   137
Dodge: Dodged            |   110 |    44 |    47 |    36 ||   237

Table legend: (Time is in decaauts)
 A = Elapsed time spent in this place.
 B = Non-inter-level travel time spent in this place.
 C = Inter-level travel time spent in this place.
 D = Time resting spent in this place.
 E = Time spent auto-exploring this place.
 F = Levels seen in this place.
 G = Mean time per level.
                   A        B        C        D        E       F      G
               +--------+--------+--------+--------+--------+-----+--------+
         Total |  11295 |  10957 |    338 |    281 |   8605 |  12 |  941.2 |
       Dungeon |   9423 |   9085 |    338 |      0 |   7367 |   9 | 1047.0 |
         Sewer |    238 |    238 |      0 |      0 |    202 |   1 |  238.0 |
       Ossuary |    541 |    541 |      0 |      0 |    421 |   1 |  541.0 |
        Bailey |   1092 |   1092 |      0 |    281 |    615 |   1 | 1092.0 |
               +--------+--------+--------+--------+--------+-----+--------+

Top non-repeatable levels by time:
     D:6: 1587 daAuts
     D:7: 1541 daAuts
     D:8: 1184 daAuts
     D:1: 1181 daAuts
  Bailey: 1092 daAuts
     D:2: 1059 daAuts
     D:3: 894 daAuts
     D:5: 848 daAuts
     D:4: 827 daAuts
 Ossuary: 541 daAuts
     D:9: 300 daAuts
   Sewer: 238 daAuts
